Cogmind - Beta 15 *** ADVENTURER MODE // 2025.06.18 @ 10:59:19 Player: Pitter Result: Smashed by cave-in Performance ------------- Evolutions (0) 0 Regions Visited (2) 400 Robots Destroyed (34) 170 Value Destroyed (808) 808 Prototype IDs (0) 0 Alien Tech Used (0) 0 Bonus (0) 0 TOTAL SCORE: 1378 Bonus ------- None Cogmind --------- Core Integrity 0/250 Matter 200/300 Energy 84/100 System Corruption 6% Temperature Cool (0) Movement Walking (680) Ox8 Location -10/Subcaves Parts ------- > --- POWER (1) -------- (None) > --- PROPULSION (2) --- Aluminum Leg > --- UTILITY (2) ------ Huge Storage Unit Seismic Detector > --- WEAPON (2) ------- (None) > --- INVENTORY (25) --- Light Ion Engine Light Ion Engine Aluminum Leg Aluminum Leg Aluminum Leg Wheel Wheel Small Storage Unit Huge Storage Unit Large Battery (200) Medium Laser Datajack Flamer Scrap Shield Fragment (48) Peak State ------------ > --- POWER ------------ Light Ion Engine > --- PROPULSION ------- Aluminum Leg Aluminum Leg > --- UTILITY ---------- Huge Storage Unit Improved Terrain Scanner > --- WEAPON ----------- Small Laser Small Laser > --- INVENTORY -------- Light Ion Engine Aluminum Leg Aluminum Leg Wheel Wheel Small Storage Unit Huge Storage Unit Seismic Detector Small Laser Grenade Launcher [Rating: 10] Favorites ----------- Power Light Ion Engine Engine Light Ion Engine Propulsion Aluminum Leg Treads Light Treads Leg Aluminum Leg Utility Huge Storage Unit Device Seismic Detector Storage Huge Storage Unit Weapon Medium Laser Energy Gun Medium Laser Ballistic Gun Light Assault Rifle Launcher Grenade Launcher Build | -11 -10 -10 ------- Run | Yrd Mat Sub Slots Evolved . | . . . Power . | . . . Propulsion . | . . . Utility . | . . . Weapon . | . . . Parts Attached 25 | 7 16 2 Power 6 | 1 4 1 Engine 6 | 1 4 1 Core . | . . . Reactor . | . . . Propulsion 5 | 2 2 1 Treads 2 | 2 . . Leg 3 | . 2 1 Wheel . | . . . Hover . | . . . Flight . | . . . Utility 5 | 2 3 . Device 3 | 1 2 . Storage 2 | 1 1 . Processor . | . . . Hackware . | . . . Protection . | . . . Artifact . | . . . Weapon 9 | 2 7 . Energy Gun 7 | 1 6 . Energy Cannon . | . . . Ballistic Gun 1 | 1 . . Ballistic Cannon . | . . . Launcher 1 | . 1 . Special Weapon . | . . . Impact Weapon . | . . . Slashing Weapon . | . . . Piercing Weapon . | . . . Special Melee Weapon . | . . . Unidentified Prototypes . | . . . Parts Lost 8 | . 3 5 Power 2 | . 1 1 Propulsion 1 | . . 1 Utility 1 | . 1 . Weapon 4 | . 1 3 Highest Loss Streak 5 | . 1 5 To Critical Strikes . | . . . Average Backups 11 | 6 9 13 Power 1 | 1 1 2 Propulsion 4 | 3 4 5 Utility 2 | . 2 3 Weapon 2 | 1 1 2 Tool/Special . | . . . Unused Backups 12 | 3 1 8 Power . | . . . Propulsion 7 | 3 . 4 Utility 2 | . . 2 Weapon 2 | . 1 1 Tool/Special 1 | . . 1 Average Slot Usage (%) 99 | . 99 99 Engine 13 | . 13 13 Treads 3 | . 7 . Leg 24 | . 20 28 Device 13 | . 13 14 Storage 14 | . 14 14 Energy Gun 25 | . 23 27 Ballistic Gun 1 | . 3 . Peak Build Rating 10 | 8 10 8 Average Rating 8 | 6 8 7 On Entrance 5 | . 8 8 Naked Turns . | . . . Heaviest Build 89 | 12 89 89 Greatest Support 40 | 40 40 20 Greatest Overweight (x) 4 | 1 4 4 Average Overweight (x) 2 | . 2 4 Largest Inventory Capacity 25 | 8 25 25 Average Capacity 22 | 7 19 25 Most Carried 15 | 8 13 15 Average Carried 12 | 6 9 14 Final Capacity 25 | 8 25 25 Final Carried 14 | 8 13 14 Class Distribution -------------------- 100% | Mutant Dominant Class ---------------- Mutant | -10/Materials Mutant | -10/Subcaves Resources | -11 -10 -10 ----------- Run | Yrd Mat Sub Matter Collected 495 | 281 163 51 Remotely . | . . . Salvage Created 1034 | 228 687 119 Parts 64 | 15 39 10 Haulers Intercepted . | . . . Recyclers Shooed 1 | . 1 . Parts Field Recycled . | . . . Retrieved Matter . | . . . Parts Self-Destructed 16 | . . 16 Prevented . | . . . Kills | -11 -10 -10 ------- Run | Yrd Mat Sub Combat Hostiles Destroyed 23 | . 16 7 Guns 15 | . 13 2 AOE 8 | . 3 5 Classes Destroyed 7 | 2 3 2 Tunneler 6 | 6 . . Recycler 1 | 1 . . Turret 1 | . . 1 Watcher 3 | . 3 . Swarmer 7 | . 3 4 Grunt 15 | . 13 2 Subdweller 1 | . . 1 Best Kill Streak 4 | 2 4 2 Combat Bots Only 4 | . 4 2 Max Kills in Single Turn 2 | 1 2 2 Gunslinging . | . . . Exploded 2 | . 2 2 Melee . | . . . Uniques/NPCs Destroyed . | . . . Combat | -11 -10 -10 -------- Run | Yrd Mat Sub Hostile Shots Fired 203 | . 99 104 Missed 68 | . 33 35 Hits 135 | . 66 69 Projectile 135 | . 66 69 Critical Strikes 1 | . 1 . Damage Taken 1345 | . 648 697 Core 312 | . 144 168 Absorbed by Shields . | . . . Ignored by Resistances 312 | . 200 112 Regen/Repaired (Parts) 37 | . 37 . Core Remaining (%) 100 | 100 . . Volleys Fired 95 | 11 59 25 Largest 2 | 2 2 2 Hottest 100 | 60 100 100 Shots Fired 153 | 22 100 31 Gun 144 | 22 99 23 Cannon . | . . . Launcher 9 | . 1 8 Special . | . . . Kinetic 45 | 11 34 . Thermal 46 | . 23 23 Explosive 9 | . 1 8 Electromagnetic 53 | 11 42 . Robot Hit Streak 42 | 8 42 9 Robot Miss Streak 4 | 1 4 1 Penetration Max . | . . . Secondary Targets 3 | . 2 1 Max Gunslinging Chain 1 | . 1 1 Shots Hit Robots 118 | 15 84 19 Core Hits 57 | 8 34 15 Critical Kills . | . . . Critical Parts Destroyed . | . . . Critical Strikes 4 | . 2 2 Burn 3 | . 1 2 Corrupt 1 | . 1 . Melee Attacks . | . . . Impact . | . . . Slashing . | . . . Piercing . | . . . Sneak Attacks . | . . . Combat Hostiles . | . . . Follow-up Attacks . | . . . Damage Inflicted 2243 | 208 1321 714 Guns 1307 | 151 931 225 Cannons . | . . . Explosions 934 | 57 388 489 Melee . | . . . Ramming 2 | . 2 . Kinetic 241 | 41 200 . Thermal 785 | 57 503 225 Explosive 607 | . 118 489 Electromagnetic 608 | 110 498 . Impact . | . . . Slashing . | . . . Piercing . | . . . Highest Corruption . | . . . Average Corruption . | . . . Corruption Purged . | . . . Corruption Blocked . | . . . Overload Shots . | . . . Overflow Damage 61 | . 57 4 Projectiles . | . . . Explosions 61 | . 57 4 Melee . | . . . Knockbacks . | . . . Impact . | . . . Kinetic . | . . . Secondary . | . . . Self-Inflicted Damage 84 | . 65 19 Shots 4 | . 3 1 Rammed 1 | . 1 . Targets Rammed 1 | . 1 . Kicked . | . . . Crushed . | . . . Highest Temperature 144 | 20 144 3 Average Temperature 37 | 15 40 3 Received Heat Transfer 624 | . 408 216 Siege Activations . | . . . Martial Activations . | . . . Shielding Activations . | . . . Robots Disrupted . | . . . Combat Hostiles . | . . . Robots Corrupted . | . . . Combat Hostiles . | . . . Parts Fried 1 | 1 . . Impact Corruptions . | . . . Robots Melted . | . . . Combat Hostiles . | . . . Parts Melted 4 | . 3 1 Heat Transferred 1970 | . 1156 814 Parts Sabotaged . | . . . Parts Stolen . | . . . Parts Stripped . | . . . Power Chain Reactions 6 | 2 4 . Alert | -11 -10 -10 ------- Run | Yrd Mat Sub Maximum Alert Level . | . . . Low Security (%) 100 | 100 100 . Level 1 . | . . . Level 2 . | . . . Level 3 . | . . . Level 4 . | . . . Level 5 . | . . . High Security . | . . . Max Security . | . . . Peak Influence 133 | 5 133 . Initial . | . . . Average 15 | 1 16 . Influence Increases 859 | 35 494 330 Destroy 0b10 Robot/C 460 | . 320 140 Destroy 0b10 Robot/NC 50 | 35 15 . Destroy Leader 76 | . 66 10 Successful Hack 16 | . 16 . Disable Machine 9 | . 9 . Destroy Structure 23 | . 23 . Lose Combat Pursuer 225 | . 45 180 Influence Decreases 679 | 35 494 150 Time Decay 599 | 35 464 100 Lost Part 80 | . 30 50 Squads Dispatched 2 | . 2 . Investigation 2 | . 2 . Extermination . | . . . Reinforcement . | . . . Assault . | . . . Garrison . | . . . Intercept . | . . . Searches Triggered . | . . . Construction Impeded . | . . . Haulers Reinforced . | . . . Active Scanning Responses . | . . . Cargo Convoy Interrupts . | . . . Stealth | -11 -10 -10 --------- Run | Yrd Mat Sub Distress Signals 1 | . 1 . Communications Jammed . | . . . Distress Signals . | . . . Times Spotted 39 | . 25 14 Peak Tracking Total 4 | . 4 4 Tactical Retreats 7 | . 3 4 Traps | -11 -10 -10 ------- Run | Yrd Mat Sub Traps Triggered 1 | . . 1 Indirectly . | . . . Trap Hack Attempts . | . . . Triggered . | . . . Disarmed . | . . . Reprogrammed . | . . . Reused . | . . . Traps Extracted . | . . . Installed . | . . . Triggered . | . . . Machines | -11 -10 -10 ---------- Run | Yrd Mat Sub Machines Disabled 2 | . 1 1 Max in Single Turn 1 | . 1 1 Machines Repaired . | . . . Machines Dismantled . | . . . Machines Sabotaged . | . . . Overloaded Fab Kills . | . . . Hacking | -11 -10 -10 --------- Run | Yrd Mat Sub Machines Accessed 6 | . 6 . Terminals 3 | . 3 . Fabricators . | . . . Repair Stations 1 | . 1 . Recycling Units 2 | . 2 . Scanalyzers . | . . . Garrison Access . | . . . Total Hacks 16 | . 16 . Successful 12 | . 12 . Failed 4 | . 4 . Catastrophic . | . . . Database Lockouts . | . . . Manual . | . . . Terminals 7 | . 7 . Fabricators . | . . . Repair Stations 4 | . 4 . Recycling Units 5 | . 5 . Scanalyzers . | . . . Garrison Access . | . . . Terminal Hacks 5 | . 5 . Alert Level 1 | . 1 . Locate Traps 1 | . 1 . Investigation Status 1 | . 1 . Hauler Manifests 1 | . 1 . Zone Layout 1 | . 1 . Fabricator Hacks . | . . . Repair Station Hacks 3 | . 3 . Scan Component 2 | . 2 . Repair 1 | . 1 . Recycling Unit Hacks 4 | . 4 . Recycle Component 2 | . 2 . Process 1 | . 1 . Retrieve Components 1 | . 1 . Scanalyzer . | . . . Garrison Access Hacks . | . . . Unauthorized Hacks . | . . . Terminals . | . . . Fabricators . | . . . Repair Stations . | . . . Recycling Units . | . . . Scanalyzers . | . . . Garrison Access . | . . . Data Cores Recovered . | . . . Used . | . . . Hacking Detections 4 | . 4 . Full Trace Events 2 | . 2 . Feedback Events . | . . . Feedback Blocked . | . . . Robot Schematics Acquired . | . . . Robots Built . | . . . Authchips . | . . . Time . | . . . Total Robot Build Rating . | . . . Part Schematics Acquired . | . . . Parts Built . | . . . Authchips . | . . . Time . | . . . Total Part Build Rating . | . . . Parts Repaired 1 | . 1 . Time 26 | . 26 . Parts Recycled 2 | . 2 . Recycled Matter 76 | . 76 . Retrieved Matter . | . . . Retrieved Components 10 | . 10 . Parts Scanalyzed . | . . . Part Schematics Acquired . | . . . Parts Damaged . | . . . Bothacking | -11 -10 -10 ------------ Run | Yrd Mat Sub Used RIF Installer . | . . . Robots Hacked . | . . . Non-combat . | . . . Combat . | . . . Robot Hacks Applied . | . . . Relay Couplers Released . | . . . Fabnet Peak Effective % . | . . . Robots Rewired . | . . . Allies Hacked . | . . . Hacks Repelled . | . . . Allies | -11 -10 -10 -------- Run | Yrd Mat Sub Total Allies . | . . . Largest Group . | . . . Highest-Rated Group . | . . . Highest-Rated Ally . | . . . Total Orders . | . . . Ally Attacks . | . . . Total Damage . | . . . Kills . | . . . Allies Corrupted . | . . . Allies Melted . | . . . Intel | -11 -10 -10 ------- Run | Yrd Mat Sub Active Infowar (turns) 6230 | 173 2718 3339 Terrain 1277 | . 1277 . Seismic 4953 | 173 1441 3339 Robot Analysis Total . | . . . Derelict Logs Recovered 1 | . . 1 Drone Launches . | . . . Drone Recoveries . | . . . Exploration | -11 -10 -10 ------------- Run | Yrd Mat Sub Turns Passed 6350 | 259 2753 3338 Spaces Moved 1833 | 137 883 813 Core 21 | 21 . . Treads 461 | 116 345 . Legs 1351 | . 538 813 Wheels . | . . . Hover . | . . . Flight . | . . . Fastest Speed 50 | 50 120 400 Average Speed 322 | 145 277 400 Slowest Speed 400 | 160 400 400 Overloaded Moves . | . . . Propulsion Burnouts . | . . . Robots Hopped . | . . . Potential Cave-ins . | . . . Cave-ins Triggered 1 | . . 1 Exploration Rate (%) 51 | 8 96 49 Regions Visited 2 Branch Regions 1 Pre-discovered Areas 1 | . . 1 Known Exits Taken . | . . . Unknown Exits Taken 2 | 1 1 . Scrap Searched 3 | . . 3 Spaces Dug . | . . . Terrain Destroyed 57 | 8 21 28 Melee . | . . . Projectile . | . . . AOE 57 | 8 21 28 Terrain Rammed . | . . . Walls Destroyed . | . . . Machines Disabled . | . . . Actions | -11 -10 -10 --------- Run | Yrd Mat Sub Total 2138 | 179 1094 865 Wait 123 | . 105 18 Move 1831 | 136 882 813 Hop . | . . . Pick Up 42 | 20 20 2 Fast Attach . | . . . Attach 15 | 7 7 1 Detach 1 | . 1 . Swap 15 | . 10 5 Drop 14 | 5 9 . Fire 95 | 11 59 25 Melee . | . . . Ram . | . . . Kick . | . . . Crush 1 | . 1 . Escape Stasis . | . . . Rewire 1 | . . 1 Trap . | . . . Miscellaneous . | . . . Route ------- -11/Scrapyard -10/Materials (discovered 6 exits: [*Mat x3] / [*Min x2] / [*Sub]) -10/Subcaves (discovered 1 exit: [*Rec]) History --------- Turn | Location | Event 8 | -11/Scrapyard | Discovered new exit (range 15) 260 | -11/Scrapyard | Entered Materials 318 | -10/Materials | Build established: Mutant 563 | -10/Materials | Discovered new exit (range 6) 624 | -10/Materials | Discovered new exit (range 12) 726 | -10/Materials | Discovered new exit (range 15) 881 | -10/Materials | Repaired Lgt. Assault Rifle? 956 | -10/Materials | Core integrity fell below 50% 960 | -10/Materials | Discovered new exit (range 3) 2310 | -10/Materials | Discovered new exit (range 10) 2972 | -10/Materials | Discovered new exit (range 8) 3013 | -10/Materials | Entered Subcaves 3014 | -10/Subcaves | Approached by a straggling Scientist 3159 | -10/Subcaves | Learned location of Zion (-7) 3159 | -10/Subcaves | Met a Zionite searching for "candidates" 3553 | -10/Subcaves | Learned 8 Materials zone layouts 4290 | -10/Subcaves | A swath of the cavern ceiling suddenly collapsed 6266 | -10/Subcaves | Core integrity fell below 20% 6280 | -10/Subcaves | Discovered new exit (range 10) 6300 | -10/Subcaves | Ambushed by Subdweller buried in earth 6300 | -10/Subcaves | Ambushed by Subdweller buried in earth 6352 | -10/Subcaves | Crushed by falling debris 6352 | -10/Subcaves | Smashed by cave-in Last Messages --------------- 06312_ LV-91A(R) destroyed. 06318_ Subatomizers dissect the Sub. Power Source. 06328_ Grenade Launcher destroyed. 06332_ Subatomizers dissect the Sub. Power Source. 06335_ The unstable cave ceiling collapses. 06340_ Lgt. Ion Engine destroyed. 06344_ Subatomizers dissect the Sub. Power Source. 06347_ The unstable cave ceiling collapses. 06349_ Destroyed Autobeam. 06352_ The unstable cave ceiling collapses. 06352_ Crushed by falling debris. 06352_ Aluminum Leg destroyed. 06352_ System corrupted by crushing effect (+4). 06352_ Med. Laser destroyed. 06352_ System corrupted by crushing effect (+1). 06352_ Med. Laser destroyed. 06352_ System corrupted by crushing effect (+1). Map ----- +----------------------------------------------------+ | ## #?????????????????????????????????? | | ?## #?????????????????????????????????? | | ??# #?????????????????????????????????? | | ??# ## #?????????????????????????????????? | | ?# ?## #?????????????????????????????????? | | ?##???# #?????????????????????????????????? | | ??????# #?????????????????????????????????? | | ???##?## #?????????????????????????????????? | | ???# ### ## #?????????????????????????????????? | | ???# ## ## #???????????????????????????????? | | ???# ### ###???????????????????????????????? | | ???# ##?####?????????????????????????????????? | | ???# ##???????????????????????????????????????? | | ???## ##????????????????????????????????????????? | | ????# ####??????????????????????????????????????? | | ????# ##?????????????????####????????????????? | | ???## ##??????????????#### ###??????????????? | | ??## ##????????????? # #??????????????? | | ??# ##???????????# ! #??????????????? | | ### ## #??????####?" ! & #??????????????? | | # ## #??????# ## * #??????????????? | | ## ##??????? # #??????????????? | | ##????????# #??????????????? | | ##????????## % <##??????????????? | | #????????## t "#????????????????? | | ##????????# %@ "#????????????????? | | #?????????# # "#????????????????? | | ### #????????## ##" """#????????????????? | | ##?###?????#### #??######????????????????? | | ######????## ##??? ##???????????????? | | ## ###### #??# #???????????????? | | # # ##?? ### ??????????? | | #?? ?????????? | | ### ### ????????????? | | #?## # # #??????????????????? | | ??### ## ##?????????????????? | | #??## #?????????????????? | | # ??## #?????????????????? | | #" ??# #?????????????????? | | ## ??# #????????????????? | | ?# ??## ## ?????????????? | | ?## ??## #?? #????????????? | | ??? ??# ### ##??? #????????????? | | ??? ??### ##?## ####????? ???????????? | | ????##### ##???# #????????? ???????????? | | ??### ###???? ##???????????????????????? | | ### #?????? ##????????????????????????? | | #?????####?????????????????????????? | | #??????????????????????????????????? | | ### #??????????????????????????????????? | +----------------------------------------------------+ Best States ------------- Heat Dissipation 25 Energy Generation 10 Energy Capacity 250 Matter Stores 300 Matter Capacity 300 Sight Range 16 Terrain Scan Range 16 Terrain Scan Density 10 Resistance: KI 20 Resistance: TH 20 Resistance: EX 20 Resistance: EM 20 Resistance: I 20 Resistance: S 20 Resistance: P 20 Evasion (%) 55 Recoil Reduction 2 Offensive Hacking 10 Item Schematics ----------------- None Robot Schematics ------------------ None Fabricated ------------ Nothing Repaired ---------- Lgt. Assault Rifle | 53% | -10/Materials Alien Tech Used ----------------- None Achievements -------------- None Challenges ------------ None Game ------ Seed BFG Manual? 1 Play Time 00:42:34 Cumulative 39.7 hours Start 2025.06.18 @ 10:12:14 End 2025.06.18 @ 10:59:19 Sessions 1 Manual Loads 0 Difficulty Adventurer Special Mode None Game No. 45 Rogue 19 Adventurer 19 Explorer 7 Win Type - Total 0 Types 0/0/0/0/0/0/0/0/0/0 Lore% 11 Gallery% 28 Achievement% 28 Wizard Run 0 Options --------- Layout 1 ASCII 0 Keyboard 0 Movement Mouse Keybinds 0 Fullscreen 0 Font 28/SmallcapsGlow Map View 50x35 Zoom Use 0% Tactical HUD 1 Map Filters NONE Filters NONE Steam 1 RUN: a8bc5993-4684-4a7f-a4a2-78e2a489433d